[Event "Titled Tuesday Blitz November 15 Early 2022"]
[White "Stankovic, Ivan G"]
[Black "Chylewski, Patryk"]
[WhiteFideId "902837"]
[BlackFideId "1186191"]
[WhiteElo "2226"]
[BlackElo "2192"]
[Result "1-0"]
[Round "09"]
[TimeControl "180+1"]
[Date "2022.11.16"]
[WhiteClock "0:00:20"]
[BlackClock "0:00:06"]

1. e4 c5 2. c4 e6 3. Nc3 Nf6 4. Nf3 d5 5. exd5 exd5 6. cxd5 Nxd5 7. d4 Nxc3 8. bxc3 Be7 9. Bb5+ Bd7 10. Bxd7+ Nxd7 11. O-O O-O 12. Qb3 cxd4 13. Nxd4 Nc5 14. Qb5 a6 15. Qe2 Bf6 16. Be3 Re8 17. Rab1 Qa5 18. Qg4 Qxa2 19. Nf5 Re4 20. Qf3 Qc4 21. Bxc5 Rf4 22. Qxb7 Re8 23. Ne7+ Kh8 24. Nd5 Rf5 25. Nxf6 Rxf6 26. Bd4 Rg6 27. Qe4 Rc8 28. Rb8 h6 29. h4 Kh7 30. Rxc8 Qxc8 31. h5 f5 32. hxg6+ Kxg6 33. Qf3 a5 34. Qg3+ Kh5 35. Qxg7 a4 36. Qf7+ Kg4 37. f3+ Kg3 38. Be5+ Kh4 39. Qf6+ Kh5 40. g4+ fxg4 41. Rf2 g3 42. Bxg3 Qh3 43. Qh4+ Qxh4 44. Bxh4 a3 45. Ra2 Kxh4 46. Rxa3 Kg3 47. c4 h5 48. c5 h4 49. c6 h3 50. f4+ Kh4 51. Rxh3+ 1-0


[Site "https://www.chess.com"]

[Event "Titled Tuesday Blitz November 15 Early 2022"]
[White "Storey, Charles H"]
[Black "Goroshkov, Maksym"]
[WhiteFideId "406686"]
[BlackFideId "14142716"]
[WhiteElo "2252"]
[BlackElo "2257"]
[Result "1/2-1/2"]
[Round "09"]
[TimeControl "180+1"]
[Date "2022.11.16"]
[WhiteClock "0:00:09"]
[BlackClock "0:00:15"]

1. c4 Nf6 2. g3 d6 3. Bg2 g6 4. d4 Bg7 5. Nf3 O-O 6. O-O c5 7. d5 Bg4 8. Nc3 Qc8 9. Re1 Nbd7 10. h3 Bxf3 11. exf3 Nb6 12. Bf1 Re8 13. Bg5 e5 14. dxe6 Rxe6 15. Qd3 Qd7 16. Red1 Rd8 17. h4 h6 18. Bxf6 Bxf6 19. Bh3 Bxc3 20. bxc3 Qe7 21. Bxe6 Qxe6 22. Rab1 Nxc4 23. Rxb7 Ne5 24. Qe4 d5 25. Qf4 d4 26. cxd4 cxd4 27. Kg2 d3 28. Re1 Qd5 29. Re7 Nc6 30. Re8+ Rxe8 31. Rxe8+ Kg7 32. Re1 Qxa2 33. Rd1 Qc2 34. Qd2 Qxd2 35. Rxd2 Nb4 36. Rb2 a5 37. Kf1 Kf6 38. Ke1 Ke5 39. Kd2 Kd4 40. Rb3 Kc4 41. Ra3 Kb5 42. Rc3 a4 43. Rc7 a3 44. Rb7+ Kc4 45. Ra7 Kb3 46. Rxf7 a2 47. Ra7 Kb2 48. Ra4 a1=Q 49. Rxa1 Kxa1 50. f4 Kb2 51. g4 Kb3 52. f5 gxf5 53. g5 hxg5 54. h5 Nd5 55. h6 Nf6 56. Kxd3 Kb4 57. Kd4 Kb5 58. Ke5 Ng4+ 59. Kxf5 Nxh6+ 60. Kxg5 Ng8 61. Kf5 Kc6 62. Ke6 Kc7 63. Kf7 Nh6+ 64. Kg6 Ng4 65. f4 Ne3 66. Kg5 Kd6 67. f5 Ke7 68. f6+ Kf7 69. Kf4 Nc4 70. Kf3 Nb6 71. Kg2 Na8 72. Kh1 Nc7 73. Kg2 Ne8 74. Kh1 Nxf6 1/2-1/2


[Site "https://www.chess.com"]

[Event "Titled Tuesday Blitz November 15 Early 2022"]
[White "Stribuk, Artiom"]
[Black "Aumann, Welf"]
[WhiteFideId "13515659"]
[BlackFideId "4634071"]
[WhiteElo "2371"]
[BlackElo "2296"]
[Result "1-0"]
[Round "09"]
[TimeControl "180+1"]
[Date "2022.11.16"]
[WhiteClock "0:00:04"]
[BlackClock "0:00:07"]

1. d4 d5 2. c4 dxc4 3. e3 e5 4. Bxc4 exd4 5. exd4 Bd6 6. Nf3 Nf6 7. O-O O-O 8. h3 h6 9. Nc3 Nc6 10. a3 Bf5 11. Be3 Ne4 12. Re1 Re8 13. Qb3 Qd7 14. Bf1 Nxc3 15. bxc3 Be4 16. Nd2 Bg6 17. c4 b6 18. Rad1 Na5 19. Qc3 Qa4 20. c5 bxc5 21. dxc5 Be5 22. Qb4 Qxb4 23. axb4 Nc6 24. Bb5 Re6 25. Bxc6 Rxc6 26. Nc4 Bc3 27. Bd2 Bf6 28. Na5 Re6 29. Rxe6 fxe6 30. Bf4 Rc8 31. Rd7 e5 32. Be3 Be8 33. Rd1 Bb5 34. f3 a6 35. Kf2 Rd8 36. Rxd8+ Bxd8 37. Bd2 c6 38. Nb3 Kf7 39. Bc3 Ke6 40. Nd2 Kd5 41. g3 Bg5 42. Ne4 Bc1 43. Ke1 Ba3 44. Kd2 Kc4 45. Nd6+ Kb3 46. Bxe5 Bxb4+ 47. Kc1 Bxc5 48. Ne4 Bf8 49. h4 a5 50. Nd2+ Kb4 51. Kb2 a4 52. Bc3+ Kc5 53. g4 Kd5 54. h5 a3+ 55. Kb3 Ke6 56. Ne4 Kd5 57. Ba1 Bc4+ 58. Kc2 a2 59. Nd2 Kc5 60. Kc3 Kb5 61. Nxc4 Bb4+ 62. Kb3 c5 63. Bxg7 1-0


[Site "https://www.chess.com"]

[Event "Titled Tuesday Blitz November 15 Early 2022"]
[White "Svane, Frederik"]
[Black "Paravyan, David"]
[WhiteFideId "12923044"]
[BlackFideId "4194985"]
[WhiteElo "2466"]
[BlackElo "2546"]
[Result "1-0"]
[Round "09"]
[TimeControl "180+1"]
[Date "2022.11.15"]
[WhiteClock "0:00:05"]
[BlackClock "0:00:04"]

1. e4 e5 2. Nf3 Nf6 3. Nxe5 d6 4. Nf3 Nxe4 5. d4 d5 6. Bd3 Bd6 7. O-O O-O 8. Re1 Bf5 9. c4 c6 10. Ng5 Re8 11. Bxe4 dxe4 12. Nc3 h6 13. Ngxe4 Bxe4 14. Nxe4 Bxh2+ 15. Kf1 f5 16. Nc3 Bc7 17. Rxe8+ Qxe8 18. Qf3 Qf7 19. d5 Nd7 20. Bf4 Bxf4 21. Qxf4 Nb6 22. Rd1 Rd8 23. dxc6 Rxd1+ 24. Nxd1 bxc6 25. Ne3 Qf6 26. Qxf5 Qxb2 27. c5 Qa1+ 28. Ke2 Qxa2+ 29. Kf3 Na4 30. Qc8+ Kh7 31. Qf5+ Kg8 32. Qc8+ Kh7 33. Qxc6 Nc3 34. Kg3 a5 35. Qd7 Ne4+ 36. Kf3 Ng5+ 37. Kg3 Ne4+ 38. Kf4 Nf6 39. Qf5+ Kh8 40. Qc8+ Kh7 41. Qf5+ Kh8 42. Kf3 Qa4 43. Qc8+ Kh7 44. Qf5+ Kh8 45. Qc8+ Kh7 46. Qf5+ Kg8 47. Qe6+ Kh8 48. c6 Qh4 49. Qc8+ Kh7 50. Qf5+ g6 51. Qe6 Qh5+ 52. Kg3 1-0


[Site "https://www.chess.com"]

[Event "Titled Tuesday Blitz November 15 Early 2022"]
[White "Svane, Rasmus"]
[Black "Ter-Sahakyan, Samvel"]
[WhiteFideId "4657101"]
[BlackFideId "13302531"]
[WhiteElo "2674"]
[BlackElo "2584"]
[Result "0-1"]
[Round "09"]
[TimeControl "180+1"]
[Date "2022.11.15"]
[WhiteClock "0:00:00"]
[BlackClock "0:00:08"]

1. Nf3 d5 2. g3 g6 3. Bg2 Bg7 4. d4 Nf6 5. O-O O-O 6. c3 a5 7. a4 b6 8. Bf4 Bb7 9. Na3 Nbd7 10. Qb3 Nh5 11. Bg5 h6 12. Be3 Kh7 13. c4 e6 14. Rac1 c6 15. Rfd1 Ba6 16. cxd5 cxd5 17. Nb5 Rc8 18. h3 Rxc1 19. Rxc1 Qb8 20. Nc7 Bc4 21. Qc2 Qxc7 22. b3 Rc8 23. Nd2 e5 24. dxe5 Bxe5 25. bxc4 d4 26. Bf4 Bxf4 27. gxf4 Nxf4 28. Nf3 Qd6 29. Rd1 Qe6 30. Nxd4 Qxc4 31. Qxc4 Rxc4 32. Ne6 Nxe6 33. Rxd7 Rc1+ 34. Kh2 Rc7 35. Rd6 Rc2 36. Bf1 Rb2 37. Kg3 Nc5 38. Kf3 Nxa4 39. e3 b5 40. Rd7 Kg7 41. Rb7 Nc3 42. Bd3 a4 43. Rc7 Rb3 44. Bc2 Ra3 45. Rb7 Ra2 46. Bd3 Rd2 47. Bf1 a3 48. Ra7 b4 49. Bc4 Nd5 50. Ke4 Nf6+ 51. Ke5 Rd7 52. Ra6 Re7+ 53. Kf4 Rb7 54. Bb3 Rc7 55. Ke5 Rc3 56. Ba2 b3 0-1


[Site "https://www.chess.com"]

[Event "Titled Tuesday Blitz November 15 Early 2022"]
[White "Szente Varga, Fruzsina"]
[Black "Callejas Rojas, Francisco Miguel"]
[WhiteFideId "712264"]
[BlackFideId "32072503"]
[WhiteElo "1994"]
[BlackElo "2274"]
[Result "0-1"]
[Round "09"]
[TimeControl "180+1"]
[Date "2022.11.16"]
[WhiteClock "0:00:02"]
[BlackClock "0:00:18"]

1. e4 e6 2. d4 d5 3. Nd2 c5 4. exd5 Qxd5 5. Ngf3 cxd4 6. Bc4 Qd6 7. O-O Nc6 8. Nb3 Nf6 9. Nbxd4 Nxd4 10. Nxd4 a6 11. c3 Qc7 12. Qa4+ Bd7 13. Bb5 Bc5 14. Bxd7+ Qxd7 15. Qxd7+ Kxd7 16. Be3 Nd5 17. Rad1 Nxe3 18. fxe3 Ke7 19. b4 Bb6 20. a4 Rac8 21. a5 Ba7 22. Rd3 Rc4 23. Ne2 Re4 24. Kf2 Rd8 25. Rfd1 Rxd3 26. Rxd3 Rc4 27. Ke1 Bb8 28. g3 Be5 29. Kd2 h5 30. Nd4 h4 31. Nb3 hxg3 32. hxg3 Bd6 33. Rd4 Rc8 34. Rg4 g6 35. Kd3 Rh8 36. Nd2 Rh3 37. Ne4 f5 38. Nxd6 fxg4 39. Nxb7 Rxg3 40. Nc5 Rg2 41. Nxa6 Rb2 42. Nc5 g3 43. a6 g2 44. a7 Ra2 0-1


[Site "https://www.chess.com"]

[Event "Titled Tuesday Blitz November 15 Early 2022"]
[White "Szpar, Milosz"]
[Black "Jaskolka, Tomasz"]
[WhiteFideId "1184989"]
[BlackFideId "1170791"]
[WhiteElo "2422"]
[BlackElo "2126"]
[Result "1-0"]
[Round "09"]
[TimeControl "180+1"]
[Date "2022.11.16"]
[WhiteClock "0:00:17"]
[BlackClock "0:00:09"]

1. c4 c6 2. e4 d5 3. cxd5 cxd5 4. exd5 Nf6 5. Bb5+ Nbd7 6. Nc3 g6 7. Nge2 Bg7 8. O-O O-O 9. Nf4 a6 10. Bc4 Nb6 11. d3 Bd7 12. h3 Rc8 13. Qb3 Qc7 14. Be3 Nxc4 15. dxc4 Qxc4 16. Qa3 Rfe8 17. Rac1 Ne4 18. Nce2 Qb5 19. Nd4 Qa4 20. Rxc8 Rxc8 21. Qd3 Nd6 22. a3 Qc4 23. Qd2 Ne4 24. Qd1 Nf6 25. Qf3 Qc7 26. Nd3 Qd6 27. Nf4 Rc4 28. Rd1 b5 29. Nb3 Bc8 30. Na5 Ra4 31. Nc6 Bb7 32. b4 Rxa3 33. Bc5 Rxf3 34. Bxd6 exd6 35. gxf3 Nxd5 36. Nxd5 Kf8 37. Rc1 Bb2 38. Rc2 Bg7 39. Nc7 h5 40. Nb8 Ke7 41. Ncxa6 Be5 42. Rc7+ Kf6 43. Rxb7 Kf5 44. Rxb5 Kg5 45. Nc6 Kh4 46. Nxe5 dxe5 47. Rxe5 f5 48. Re6 g5 49. Rg6 Kxh3 50. Nc5 h4 51. Nd3 f4 52. Kh1 g4 53. Nxf4# 1-0


[Site "https://www.chess.com"]

[Event "Titled Tuesday Blitz November 15 Early 2022"]
[White "Tanenbaum, Zachary"]
[Black "Tasev, Dejan"]
[WhiteFideId "2060850"]
[BlackFideId "936618"]
[WhiteElo "2175"]
[BlackElo "2256"]
[Result "1/2-1/2"]
[Round "09"]
[TimeControl "180+1"]
[Date "2022.11.16"]
[WhiteClock "0:00:05"]
[BlackClock "0:00:10"]

1. e4 c6 2. d4 d5 3. exd5 cxd5 4. Bd3 Nc6 5. c3 g6 6. Bf4 Bf5 7. Bxf5 gxf5 8. Nf3 e6 9. O-O Bd6 10. Bg5 Nge7 11. Re1 Rg8 12. Nbd2 Qc7 13. h3 O-O-O 14. c4 Rg6 15. cxd5 exd5 16. Rc1 Rdg8 17. Bxe7 Rxg2+ 18. Kh1 Bxe7 19. Ne5 Bd6 20. Qf3 Kb8 21. Qxd5 Bxe5 22. dxe5 Rxf2 23. Nc4 Rg3 24. Rc3 Rxc3 25. bxc3 a6 26. Nd6 Ne7 27. Qc4 Qxc4 28. Nxc4 Nd5 29. Nd6 Nxc3 30. Nxf7 Ne4 31. e6 Kc7 32. Rd1 Re2 33. e7 Ng3+ 34. Kg1 Rxe7 35. Ng5 Rd7 36. Rc1+ Kb6 37. Rc2 Ne4 38. Nf3 Rd1+ 39. Kg2 h6 40. Rb2+ Ka7 41. h4 Rd7 42. Kh3 Rg7 43. Ne5 Rg3+ 44. Kh2 Re3 45. Nf7 Rd3 46. Nxh6 f4 47. Ng4 f3 48. h5 f2 49. Nxf2 Nxf2 50. Rxf2 Rd5 51. Kg3 Rxh5 52. Rf6 Ra5 53. Rf2 Ra3+ 54. Kf4 Rc3 55. Ke4 Rc8 56. Kd4 a5 57. Rf6 b6 58. Kd3 Ka6 59. Kd2 a4 60. Rf4 Ka5 61. Re4 b5 62. a3 Rc6 63. Rf4 Rc7 64. Re4 Rc4 65. Rxc4 bxc4 66. Kc3 Kb5 67. Kd4 c3 68. Kxc3 Kc5 69. Kd3 Kd5 70. Kc3 Kc5 71. Kd3 Kd5 72. Kc3 Kc5 1/2-1/2


[Site "https://www.chess.com"]

[Event "Titled Tuesday Blitz November 15 Early 2022"]
[White "Terry, Renato"]
[Black "Nakamura, Hikaru"]
[WhiteFideId "3803457"]
[BlackFideId "2016192"]
[WhiteElo "2577"]
[BlackElo "2909"]
[Result "0-1"]
[Round "09"]
[TimeControl "180+1"]
[Date "2022.11.15"]
[WhiteClock "0:00:02"]
[BlackClock "0:00:13"]

1. d4 g6 2. e4 Bg7 3. Nf3 d6 4. c3 Nc6 5. Bc4 Nf6 6. Nbd2 O-O 7. O-O e5 8. dxe5 Nxe5 9. Nxe5 dxe5 10. Re1 Nh5 11. b3 Nf4 12. Nf3 Qf6 13. Bxf4 Qxf4 14. Qd2 Qf6 15. Rad1 Bg4 16. Be2 Rad8 17. Qe3 b6 18. h3 Be6 19. Qg5 h6 20. Qxf6 Bxf6 21. Kf1 c6 22. Bc4 Bc8 23. Ke2 b5 24. Bd3 Be6 25. Bc2 Rc8 26. Rd2 Rfe8 27. Red1 Kf8 28. Bd3 Ke7 29. Rc2 Red8 30. c4 a6 31. Rdc1 Rb8 32. cxb5 cxb5 33. Rc5 Rdc8 34. Rc7+ Rxc7 35. Rxc7+ Kd6 36. Ra7 Rb6 37. Ne1 Kc5 38. Nc2 Rc6 39. Rb7 Bd8 40. f3 Bc7 41. b4+ Kd6 42. Ra7 Bxa2 43. Ne3 Bb8 44. Rb7 Bc7 45. Ra7 Be6 46. Nd5 Bxd5 47. exd5 Rb6 0-1


[Site "https://www.chess.com"]

[Event "Titled Tuesday Blitz November 15 Early 2022"]
[White "Thorhallsson, Simon"]
[Black "Goltseva, Ekaterina"]
[WhiteFideId "2310090"]
[BlackFideId "24173770"]
[WhiteElo "2109"]
[BlackElo "2200"]
[Result "1/2-1/2"]
[Round "09"]
[TimeControl "180+1"]
[Date "2022.11.16"]
[WhiteClock "0:00:16"]
[BlackClock "0:00:57"]

1. Nf3 d5 2. g3 Nf6 3. Bg2 e6 4. O-O c5 5. c4 d4 6. e3 Nc6 7. exd4 cxd4 8. d3 Be7 9. a3 a5 10. Bg5 O-O 11. Nbd2 e5 12. Re1 Qc7 13. Bxf6 Bxf6 14. b4 axb4 15. axb4 Rxa1 16. Qxa1 Nxb4 17. Qa3 Nc2 18. Qc1 Nxe1 19. Qxe1 Bf5 20. Ne4 Be7 21. h4 f6 22. Nh2 Ra8 23. g4 Be6 24. f4 Qa5 25. Qe2 Qa1+ 26. Nf1 Ra2 27. Qf3 Qb2 28. fxe5 fxe5 29. Nfg3 Bxg4 30. Nf6+ gxf6 31. Qxg4+ Kf8 32. Qc8+ Kg7 33. Nf5+ Kg6 34. Nxe7+ Kf7 35. Bd5+ Kxe7 36. Qe6+ Kd8 37. Qd6+ Ke8 38. Qe6+ Kd8 39. Qd6+ Ke8 40. Qe6+ Kd8 1/2-1/2


[Site "https://www.chess.com"]

[Event "Titled Tuesday Blitz November 15 Early 2022"]
[White "Timofeev, Artyom"]
[Black "Pranav, V"]
[WhiteFideId "4140419"]
[BlackFideId "25060783"]
[WhiteElo "2586"]
[BlackElo "2430"]
[Result "1-0"]
[Round "09"]
[TimeControl "180+1"]
[Date "2022.11.15"]
[WhiteClock "0:00:05"]
[BlackClock "0:00:08"]

1. d4 Nf6 2. Bf4 e6 3. e3 b6 4. Nf3 Bb7 5. Bd3 Be7 6. h3 O-O 7. O-O c5 8. Nbd2 d6 9. Bh2 Re8 10. c3 Bf8 11. e4 cxd4 12. cxd4 e5 13. dxe5 dxe5 14. Nc4 Nxe4 15. Ncxe5 Nd6 16. Qc2 g6 17. Rad1 Bxf3 18. Nxf3 Nd7 19. Bxd6 Bxd6 20. Bxg6 hxg6 21. Rxd6 Qe7 22. Rfd1 Nf8 23. h4 Rac8 24. Qb3 Rc5 25. Ng5 Rf5 26. Qg3 Rc8 27. R6d2 Rc4 28. b3 Rcf4 29. Nf3 Re4 30. Rd8 Kg7 31. Qd6 Qxd6 32. R8xd6 Ne6 33. Kf1 Nf4 34. g3 Ne6 35. Kg2 Rg4 36. Nd4 Nxd4 37. R1xd4 Rxd4 38. Rxd4 Ra5 39. a4 Rc5 40. b4 Re5 41. b5 a6 42. bxa6 Ra5 43. Rb4 Rxa6 44. g4 Ra5 45. Kg3 Ra8 46. f3 Kf8 47. Kf4 Ra5 48. Ke3 Ke7 49. Kd3 Kd7 50. Rf4 Ke6 51. Rb4 Kd7 52. Kc3 Kc6 53. Rc4+ Kd5 54. Rf4 f5 55. gxf5 Ke5 56. Rb4 Kxf5 57. Rb5+ Rxb5 58. axb5 Ke5 59. Kc4 Kf4 60. Kd5 Kxf3 61. Kc6 Kg4 62. Kxb6 Kxh4 63. Kc7 g5 64. b6 g4 65. b7 g3 66. b8=Q Kh3 67. Qh8+ Kg2 68. Qb2+ Kh1 69. Qh8+ Kg1 70. Qd4+ Kh1 71. Qh4+ Kg2 72. Kd6 Kf3 73. Qh3 Kf2 74. Qf5+ Kg2 75. Ke5 Kh2 76. Kf4 g2 77. Qh5+ Kg1 78. Kf3 Kf1 79. Qb5+ Kg1 80. Qe2 Kh1 81. Qxg2# 1-0


[Site "https://www.chess.com"]

[Event "Titled Tuesday Blitz November 15 Early 2022"]
[White "Todorovic, Bojan"]
[Black "Aggelis, Nikolaos"]
[WhiteFideId "917087"]
[BlackFideId "4213220"]
[WhiteElo "2266"]
[BlackElo "2189"]
[Result "1/2-1/2"]
[Round "09"]
[TimeControl "180+1"]
[Date "2022.11.16"]
[WhiteClock "0:00:06"]
[BlackClock "0:00:14"]

1. d4 Nf6 2. c4 c6 3. Nf3 d5 4. e3 g6 5. Nc3 Bg7 6. Bd3 O-O 7. O-O c5 8. cxd5 cxd4 9. exd4 Nxd5 10. Be4 Nf6 11. Bc2 Nc6 12. h3 Nb4 13. Bb3 Bf5 14. Ne5 Nbd5 15. Bg5 Be6 16. Qf3 Nxc3 17. bxc3 Bxb3 18. axb3 Qd5 19. Qxd5 Nxd5 20. c4 Nc3 21. Be3 Rfd8 22. Rfe1 b5 23. Ra6 Bxe5 24. dxe5 bxc4 25. bxc4 Rac8 26. Rxa7 Rxc4 27. Rxe7 Re4 28. f3 Nd5 29. fxe4 Nxe7 30. Bg5 Re8 31. Bxe7 Rxe7 32. Kf2 Rxe5 33. Kf3 Kg7 34. Rd1 Ra5 35. Rd6 h6 36. Rc6 g5 37. Rb6 f6 38. Rc6 Kg6 39. Rb6 Ra3+ 40. Kf2 Ra2+ 41. Kf3 Ra3+ 42. Kf2 Ra5 43. Rc6 Re5 44. Kf3 Re7 45. Rb6 h5 46. Rc6 Kf7 47. Rb6 Ra7 48. Rc6 Ra3+ 49. Kf2 Ra2+ 50. Kf3 Ra3+ 51. Kf2 Ke7 52. Rb6 Rc3 53. Ra6 Rb3 54. Rc6 Rb4 55. Ra6 Rxe4 56. Rb6 Re6 57. Rb7+ Kf8 58. Ra7 Re7 59. Ra6 Kg7 60. Rb6 Kg6 61. Ra6 Rb7 62. Rc6 Rb4 63. Ra6 g4 64. hxg4 hxg4 65. Ra5 f5 66. g3 Kg5 67. Rc5 Rb2+ 68. Kf1 Rh2 69. Kg1 Rd2 70. Kf1 Kf6 71. Kg1 Ke6 72. Kf1 Rd5 73. Rc8 Ke5 74. Re8+ Kd4 75. Kf2 Re5 76. Rf8 Ke4 77. Rf7 Ra5 78. Re7+ Re5 79. Rf7 Re6 80. Rf8 Re7 81. Rf6 Ra7 82. Re6+ Kd5 83. Re8 Ra2+ 84. Kf1 Kd4 85. Re7 Kd3 86. Re8 Kd4 87. Kg1 Ra3 88. Kf2 Rf3+ 89. Kg2 Re3 90. Rf8 Re5 91. Rd8+ Ke3 92. Ra8 Re4 93. Ra3+ Ke2 94. Ra2+ Kd3 95. Ra3+ Kd2 96. Ra2+ Kc3 97. Ra5 Re2+ 98. Kf1 Re3 99. Kg2 Rf3 100. Rd5 Kc4 101. Rd8 Rd3 102. Rf8 Rd5 103. Re8 Kd3 104. Re7 Kd4 105. Re8 Re5 106. Rd8+ Ke3 107. Ra8 Rd5 108. Ra3+ Rd3 109. Ra5 Rd2+ 110. Kf1 f4 111. Ra3+ Ke4 112. Ra4+ Kf3 113. Ra3+ Ke4 114. gxf4 Kxf4 115. Kg1 Re2 116. Kf1 Rh2 117. Kg1 Re2 118. Kf1 Re3 119. Rxe3 Kxe3 120. Kg2 Kf4 121. Kf2 g3+ 122. Kg2 Kg4 123. Kg1 Kh4 124. Kg2 Kg4 125. Kg1 Kh3 126. Kh1 Kg4 127. Kg2 Kf4 128. Kg1 Kf3 129. Kf1 Kf4 130. Kg2 Kg4 1/2-1/2


[Site "https://www.chess.com"]

[Event "Titled Tuesday Blitz November 15 Early 2022"]
[White "Torres Dominguez, David"]
[Black "Zaichenko, Daria"]
[WhiteFideId "2220857"]
[BlackFideId "4197453"]
[WhiteElo "2037"]
[BlackElo "2039"]
[Result "1/2-1/2"]
[Round "09"]
[TimeControl "180+1"]
[Date "2022.11.16"]
[WhiteClock "0:01:23"]
[BlackClock "0:02:09"]

1. e4 c5 2. Nf3 Nc6 3. d4 cxd4 4. Nxd4 Nf6 5. Nc3 d6 6. Nxc6 bxc6 7. Bd3 e5 8. O-O Be7 9. f4 Ng4 10. Qf3 d5 11. exd5 Bc5+ 12. Kh1 Qh4 13. h3 Nf2+ 14. Kh2 Ng4+ 15. Kh1 Nf2+ 16. Kh2 Ng4+ 17. Kh1 1/2-1/2


[Site "https://www.chess.com"]

[Event "Titled Tuesday Blitz November 15 Early 2022"]
[White "Tregubov, Pavel V."]
[Black "Donskov, Anatoly"]
[WhiteFideId "4115341"]
[BlackFideId "24143413"]
[WhiteElo "2448"]
[BlackElo "2219"]
[Result "0-1"]
[Round "09"]
[TimeControl "180+1"]
[Date "2022.11.16"]
[WhiteClock "0:00:13"]
[BlackClock "0:00:05"]

1. e4 c5 2. Nf3 e6 3. c3 d5 4. exd5 Qxd5 5. d4 Nf6 6. Be2 Be7 7. O-O Nc6 8. c4 Qd8 9. dxc5 Qxd1 10. Rxd1 Bxc5 11. Nc3 O-O 12. a3 Ng4 13. Ne4 Bb6 14. c5 f5 15. cxb6 fxe4 16. Ng5 Nxf2 17. Rf1 Nd3 18. Rxf8+ Kxf8 19. Be3 axb6 20. Nxe4 Nxb2 21. Bxb6 e5 22. Bc5+ Kg8 23. Rb1 Na4 24. Bc4+ Kh8 25. Rf1 Bg4 26. Bd6 Bh5 27. Ng5 Nb6 28. Ba2 h6 29. Nf7+ Kh7 30. Rb1 Ra6 31. Nxe5 Nxe5 32. Bxe5 Bg6 33. Rb3 Nd7 34. Bd4 b6 35. Rc3 Nc5 36. Bc4 Ra4 37. Bxc5 bxc5 38. Bb5 Ra7 39. a4 Rc7 40. a5 Be4 41. a6 Kg6 42. Kf2 Kf6 43. Ke3 Ke5 44. Ra3 Ra7 45. Bc4 Bxg2 46. Ra5 Kd6 47. Kf4 Bc6 48. Ra1 Ba8 49. Rd1+ Kc7 50. Re1 Kb6 51. Re6+ Ka5 52. Re8 Kb4 53. Bf1 Bc6 54. Rb8+ Kc3 55. Ke5 c4 56. Kd6 Rxa6 57. Kc5 Be4 58. Re8 Bd3 59. Re3 Ra5+ 60. Kb6 Rf5 61. Bh3 Rf4 62. Be6 Kd2 63. Rg3 c3 64. Bb3 c2 65. Bxc2 Kxc2 66. Rxg7 Kc3 67. Kc5 Rh4 68. Rg2 Rh3 69. Rf2 h5 70. Kd5 Bc4+ 71. Ke5 Kd3 72. Kf5 Ke3 73. Rc2 Bd3+ 74. Kg5 Bxc2 0-1


[Site "https://www.chess.com"]

[Event "Titled Tuesday Blitz November 15 Early 2022"]
[White "Tymrakiewicz, Rafal"]
[Black "Shapiro, Daniel"]
[WhiteFideId "1108832"]
[BlackFideId "2001780"]
[WhiteElo "2138"]
[BlackElo "2318"]
[Result "1-0"]
[Round "09"]
[TimeControl "180+1"]
[Date "2022.11.16"]
[WhiteClock "0:00:09"]
[BlackClock "0:00:06"]

1. e4 e5 2. Nf3 Nc6 3. Bc4 Be7 4. b4 a6 5. Bb2 d6 6. a3 Nf6 7. Qe2 O-O 8. h3 h6 9. O-O Be6 10. d3 Qd7 11. Bxe6 fxe6 12. Nfd2 Qe8 13. Nc3 Nd4 14. Qd1 Nh5 15. Ne2 Nc6 16. Nc4 Qg6 17. Bc1 Rf7 18. c3 Raf8 19. Ra2 Bg5 20. Be3 Nf4 21. Bxf4 exf4 22. f3 d5 23. Na5 Nd8 24. a4 Rd7 25. Rd2 Be7 26. Nb3 b6 27. a5 Nb7 28. axb6 cxb6 29. Ned4 Rc8 30. Qa1 a5 31. bxa5 Ra8 32. Qa4 Rdd8 33. Qc6 Nxa5 34. Nxa5 bxa5 35. Qxe6+ Qxe6 36. Nxe6 Rd6 37. Nc7 Rc8 38. Nxd5 Bd8 39. Rb2 Rdc6 40. Ra1 Kf7 41. d4 g5 42. Rb7+ Kg6 43. Kf1 Rc4 44. Ke2 a4 45. Kd3 Ra8 46. Kxc4 a3 47. Kd3 a2 48. Rb2 Bf6 49. Raxa2 Bg7 50. Rxa8 1-0


[Site "https://www.chess.com"]

[Event "Titled Tuesday Blitz November 15 Early 2022"]
[White "Vasques, Antonio Pedro Freixial"]
[Black "Kouskoutis, Georgios-Alexandros"]
[WhiteFideId "1908332"]
[BlackFideId "4234049"]
[WhiteElo "2243"]
[BlackElo "2187"]
[Result "1-0"]
[Round "09"]
[TimeControl "180+1"]
[Date "2022.11.16"]
[WhiteClock "0:00:30"]
[BlackClock "0:00:07"]

1. e4 c5 2. Nc3 Nc6 3. Bb5 e5 4. Nf3 Bd6 5. a4 Nge7 6. O-O O-O 7. d3 Bc7 8. Ng5 h6 9. Nh3 Ng6 10. Nd5 d6 11. Qh5 Nd4 12. Bc4 Bxh3 13. Nxc7 Qxc7 14. Qxg6 Be6 15. Bxe6 fxe6 16. c3 Ne2+ 17. Kh1 Nf4 18. Bxf4 Rxf4 19. Qxe6+ Kh7 20. f3 Raf8 21. Rac1 R4f6 22. Qd5 Qc6 23. Qc4 b6 24. d4 exd4 25. cxd4 Qd7 26. dxc5 dxc5 27. Rcd1 Rd6 28. Rd5 Rxd5 29. exd5 Rd8 30. Qe4+ Kh8 31. Rd1 Qd6 32. g3 Rd7 33. Rd2 Re7 34. Qf5 Re5 35. Qc8+ Kh7 36. Qc6 Qg6 37. Qxg6+ Kxg6 38. d6 Re8 39. Kg2 Rd8 40. f4 Kf6 41. Kf3 Ke6 42. Kg4 Rxd6 43. Rxd6+ Kxd6 44. Kf5 Ke7 45. Kg6 Kf8 46. f5 a6 47. f6 gxf6 48. Kxf6 b5 49. axb5 axb5 50. Ke5 Ke7 51. Kd5 c4 52. Kc5 Ke6 53. Kxb5 Kd5 54. h3 Ke4 55. Kxc4 Kf3 56. b4 Kxg3 57. b5 Kxh3 58. b6 h5 59. b7 h4 60. b8=Q Kg2 61. Qf4 h3 62. Qg4+ Kh2 63. Kd4 1-0


[Site "https://www.chess.com"]

[Event "Titled Tuesday Blitz November 15 Early 2022"]
[White "Vlassov, Nikolai"]
[Black "Mohammed, Zozek Salah Mohammed"]
[WhiteFideId "4103360"]
[BlackFideId "4803361"]
[WhiteElo "2324"]
[BlackElo "2199"]
[Result "0-1"]
[Round "09"]
[TimeControl "180+1"]
[Date "2022.11.16"]
[WhiteClock "0:00:02"]
[BlackClock "0:00:17"]

1. e4 c5 2. c3 d6 3. d4 cxd4 4. cxd4 Nf6 5. Nc3 g6 6. Bg5 Bg7 7. e5 dxe5 8. dxe5 Qxd1+ 9. Rxd1 Ng4 10. f4 h6 11. Bb5+ Nc6 12. Nd5 O-O 13. Nxe7+ Kh7 14. Bh4 g5 15. Nxc6 bxc6 16. Bxc6 Rb8 17. fxg5 Rxb2 18. Be4+ Kg8 19. Rd2 Rxd2 20. Kxd2 hxg5 21. Bxg5 Nf2 22. Ke3 Nxh1 23. g3 Nxg3 24. hxg3 Bxe5 25. Ne2 Be6 26. a4 Rb8 27. Be7 Rb3+ 28. Kf2 Rb2 29. Ke3 Rb3+ 30. Kf2 Bd7 31. a5 a6 32. Nf4 Bxf4 33. gxf4 Bb5 34. Bd8 Bd3 35. Bf3 Kf8 36. Bb6 Ke7 37. Bd5 Rb2+ 38. Ke3 Bb5 39. Ke4 Re2+ 40. Kf5 Bd7+ 41. Kg5 Be6 42. Bc5+ Kd7 43. Bb7 Bc4 44. f5 Re5 45. Bd4 Rxa5 46. Be4 Be6 47. Kf6 Ba2 48. Bb7 Ra4 49. Bc3 a5 50. Ba6 Ra3 51. Bd2 Bd5 52. Kg7 a4 53. Bb4 Ra2 54. Bb5+ Kc7 55. Kf6 a3 56. Ke5 Bb3 0-1


[Site "https://www.chess.com"]

[Event "Titled Tuesday Blitz November 15 Early 2022"]
[White "Vokhidov, Shamsiddin"]
[Black "Zemlyanskii, Ivan"]
[WhiteFideId "14204223"]
[BlackFideId "24249971"]
[WhiteElo "2619"]
[BlackElo "2107"]
[Result "0-1"]
[Round "09"]
[TimeControl "180+1"]
[Date "2022.11.15"]
[WhiteClock "0:00:15"]
[BlackClock "0:00:36"]

1. e4 c5 2. Nf3 d6 3. Nc3 Nf6 4. d4 cxd4 5. Nxd4 a6 6. Bd3 e5 7. Nde2 Nbd7 8. O-O b5 9. Ng3 Bb7 10. h3 g6 11. a3 Bg7 12. Be3 O-O 13. Qd2 Re8 14. Rad1 Nc5 15. Rfe1 Qc7 16. Bh6 Ne6 17. Bxg7 Kxg7 18. Bf1 Red8 19. Rc1 Rac8 20. Red1 Qb6 21. Qe1 h5 22. h4 Nd4 23. Qd2 Ng4 24. Bd3 a5 25. Nd5 Bxd5 26. exd5 b4 27. axb4 axb4 28. Rb1 Qc5 29. Qg5 Nf3+ 30. gxf3 Qxf2+ 31. Kh1 Qh2# 0-1


[Site "https://www.chess.com"]

[Event "Titled Tuesday Blitz November 15 Early 2022"]
[White "Wagner, Dennis"]
[Black "Ibadov, Dashgyn"]
[WhiteFideId "24650684"]
[BlackFideId "24107514"]
[WhiteElo "2470"]
[BlackElo "2208"]
[Result "1-0"]
[Round "09"]
[TimeControl "180+1"]
[Date "2022.11.16"]
[WhiteClock "0:00:03"]
[BlackClock "0:00:02"]

1. e4 e6 2. d4 d5 3. Nd2 Nf6 4. e5 Nfd7 5. f4 c5 6. c3 Nc6 7. Ndf3 Be7 8. Bd3 Qb6 9. Ne2 O-O 10. h4 f6 11. a3 cxd4 12. cxd4 Qd8 13. Be3 fxe5 14. fxe5 Nb6 15. Ng5 h6 16. Bh7+ Kh8 17. Bc2 Kg8 18. Qd3 Rf5 19. g4 hxg5 20. gxf5 exf5 21. hxg5 Bxg5 22. Bxg5 Qxg5 23. Qh3 Nc4 24. Qh7+ Kf7 25. Rg1 Qd2+ 26. Kf1 Ne3+ 27. Kf2 Ng4+ 28. Rxg4 fxg4 29. Bg6+ Ke7 30. Qxg7+ Kd8 31. Rh1 g3+ 32. Kf3 Bg4+ 33. Kxg3 Qe3+ 34. Kxg4 Qxe2+ 35. Kf5 Qf3+ 36. Ke6 Nxd4+ 37. Kd6 Nb5+ 38. Kc5 Qxh1 39. Qf8+ Kc7 40. Qe7+ 1-0


[Site "https://www.chess.com"]